PCL
MILE HIGH BRONCOS @ ALBUQUERQUE ISOTOPES
04/05/2027
 
TOP OF THE 1ST
Mile High Broncos batting - Pitching for Albuquerque Isotopes : RHP Jesús Silva
Pitching: RHP Jesús Silva
Batting: LHB Ernesto López 0-0: DOUBLE (Line Drive, 9LM)
Batting: SHB Tom Stevens 0-0: Called Strike
0-1: Swinging Strike
0-2: Strikes out swinging
Batting: LHB Mark Everett 0-0: Called Strike
0-1: Ball
1-1: Foul Ball, location: 2F
1-2: Foul Ball, location: 2F
1-2: Ball
2-2: Ball
3-2: Fly out, F4 (Popup, 4S)
Batting: RHB António Martínez 0-0: Ball
1-0: Called Strike
1-1: Swinging Strike
1-2: Strikes out swinging
Top of the 1st over - 0 run(s), 1 hit(s), 0 error(s), 1 left on base; Mile High 0 - Albuquerque 0
BOTTOM OF THE 1ST
Albuquerque Isotopes batting - Pitching for Mile High Broncos : RHP Pedro Mendoza
Pitching: RHP Pedro Mendoza
Batting: RHB Arturo García 0-0: Called Strike
0-1: Called Strike
0-2: Strikes out swinging
Batting: RHB Dave Mullen 0-0: Foul Ball, location: 2F
0-1: Ball
1-1: Foul Ball, location: 2F
1-2: Strikes out swinging
Batting: LHB Bernardo Montés 0-0: Called Strike
0-1: Called Strike
0-2: Ball
1-2: Foul Ball, location: 2F
1-2: Foul Ball, location: 2F
1-2: Foul Ball, location: 2F
1-2: Ball
2-2: Ball
3-2: Foul Ball, location: 2F
3-2: SINGLE (Line Drive, 78M)
Batting: LHB Mark Vestal 0-0: Foul Ball, location: 2F
0-1: Called Strike
0-2: Foul Ball, location: 2F
0-2: Fly out, F7 (Line Drive, 7)
Bottom of the 1st over - 0 run(s), 1 hit(s), 0 error(s), 1 left on base; Mile High 0 - Albuquerque 0
TOP OF THE 2ND
Mile High Broncos batting - Pitching for Albuquerque Isotopes : RHP Jesús Silva
Batting: RHB David Moran 0-0: Called Strike
0-1: Ball
1-1: Ball
2-1: Called Strike
2-2: Strikes out swinging, 2-3 out at first.
Batting: RHB Rodney González 0-0: Ball
1-0: Ball
2-0: Ball
3-0: Called Strike
3-1: Swinging Strike
3-2: Foul Ball, location: 2F
3-2: Foul Ball, location: 2F
3-2: Strikes out swinging
Batting: RHB Richard Bankhead 0-0: Ball
1-0: Called Strike
1-1: Foul Ball, location: 2F
1-2: Ground out 5-3 (Groundball, 56)
Top of the 2nd over - 0 run(s), 0 hit(s), 0 error(s), 0 left on base; Mile High 0 - Albuquerque 0
BOTTOM OF THE 2ND
Albuquerque Isotopes batting - Pitching for Mile High Broncos : RHP Pedro Mendoza
Batting: LHB António De Los Ángeles 0-0: Ball
1-0: Fly out, F7 (Line Drive, 7)
Batting: RHB Alfonso Huertas 0-0: Called Strike
0-1: Foul Ball, location: 2F
0-2: Ball
1-2: Foul Ball, location: 2F
1-2: Ball
2-2: Ball
3-2: Foul Ball, location: 2F
3-2: Strikes out swinging
Batting: RHB Juan Alberto 0-0: Called Strike
0-1: Ball
1-1: Ball
2-1: Ball
3-1: Foul Ball, location: 2F
3-2: Base on Balls
Batting: LHB Fernando Ortíz 0-0: Foul Ball, location: 2F
0-1: Ball
1-1: Ball
2-1: Ball
3-1: Base on Balls
Juan Alberto to second
Batting: LHB A.J. Major 0-0: Called Strike
0-1: Ball
1-1: Ball
2-1: Swinging Strike
2-2: Strikes out looking
Bottom of the 2nd over - 0 run(s), 0 hit(s), 0 error(s), 2 left on base; Mile High 0 - Albuquerque 0
TOP OF THE 3RD
Mile High Broncos batting - Pitching for Albuquerque Isotopes : RHP Jesús Silva
Batting: LHB Don Hull 0-0: Ball
1-0: Called Strike
1-1: Ball
2-1: Foul Ball, location: 2F
2-2: DOUBLE (Flyball, 9LM)
Batting: RHB Evan Robinson 0-0: Foul Ball, location: 2F
0-1: Called Strike
0-2: Foul Ball, location: 2F
0-2: Ball
1-2: Foul Ball, location: 2F
1-2: Foul Ball, location: 2F
1-2: Ball
Passed Ball!
Don Hull to third
2-2: Ball
Wild Pitch!
Don Hull scores
3-2: Foul Ball, location: 2F
3-2: Foul Ball, location: 2F
3-2: Foul Ball, location: 2F
3-2: SINGLE (Groundball, 56D)
Batting: LHB Ernesto López 0-0: Ball
1-0: Foul Ball, location: 2F
1-1: Ball
2-1: Fly out, F8 (Flyball, 89S)
Batting: SHB Tom Stevens 0-0: Ball
1-0: Ball
2-0: Foul Ball, location: 2F
2-1: Ball
3-1: Base on Balls
Evan Robinson to second
Batting: LHB Mark Everett 0-0: Called Strike
0-1: Swinging Strike
0-2: Ball
1-2: Ball
2-2: Ball
3-2: Strikes out swinging
Batting: RHB António Martínez 0-0: Called Strike
0-1: Foul Ball, location: 2F
0-2: Ball
1-2: Ball
2-2: Ball
3-2: Ground out 6-3 (Groundball, 6)
Top of the 3rd over - 1 run(s), 2 hit(s), 0 error(s), 2 left on base; Mile High 1 - Albuquerque 0
BOTTOM OF THE 3RD
Albuquerque Isotopes batting - Pitching for Mile High Broncos : RHP Pedro Mendoza
Batting: RHB Arturo García 0-0: Called Strike
0-1: Ball
1-1: Ball
2-1: Ground out 6-3 (Groundball, 6)
Batting: RHB Dave Mullen 0-0: Called Strike
0-1: Called Strike
0-2: Ball
1-2: Ball
2-2: Ball
3-2: Foul Ball, location: 2F
3-2: DOUBLE (Groundball, 5L)
Batting: LHB Bernardo Montés 0-0: Ball
1-0: Fly out, F7 (Flyball, 7LS)
Batting: LHB Mark Vestal 0-0: Called Strike
0-1: Called Strike
0-2: Ball
1-2: Ball
2-2: Strikes out swinging
Bottom of the 3rd over - 0 run(s), 1 hit(s), 0 error(s), 1 left on base; Mile High 1 - Albuquerque 0
TOP OF THE 4TH
Mile High Broncos batting - Pitching for Albuquerque Isotopes : RHP Jesús Silva
Batting: RHB David Moran 0-0: Fly out, F9 (Line Drive, 9)
Batting: RHB Rodney González 0-0: Ball
1-0: Called Strike
1-1: Swinging Strike
1-2: Ball
2-2: Foul Ball, location: 2F
2-2: Strikes out swinging
Batting: RHB Richard Bankhead 0-0: Ground out 5-3 (Groundball, 56)
Top of the 4th over - 0 run(s), 0 hit(s), 0 error(s), 0 left on base; Mile High 1 - Albuquerque 0
BOTTOM OF THE 4TH
Albuquerque Isotopes batting - Pitching for Mile High Broncos : RHP Pedro Mendoza
Batting: LHB António De Los Ángeles 0-0: Ball
1-0: Ball
2-0: Ball
3-0: Called Strike
3-1: Foul Ball, location: 2F
3-2: Foul Ball, location: 2F
3-2: Foul Ball, location: 2F
3-2: Fly out, F7 (Flyball, 7LMF)
Batting: RHB Alfonso Huertas 0-0: Ball
1-0: Ball
2-0: Called Strike
2-1: Ground out 6-3 (Groundball, 6)
Batting: RHB Juan Alberto 0-0: Ball
1-0: Foul Ball, location: 2F
1-1: Foul Ball, location: 2F
1-2: Foul Ball, location: 2F
1-2: Ground out 4-3 (Groundball, 4M)
Bottom of the 4th over - 0 run(s), 0 hit(s), 0 error(s), 0 left on base; Mile High 1 - Albuquerque 0
TOP OF THE 5TH
Mile High Broncos batting - Pitching for Albuquerque Isotopes : RHP Jesús Silva
Batting: LHB Don Hull 0-0: Ball
1-0: Ball
2-0: Ground out 4-3 (Groundball, 34)
Batting: RHB Evan Robinson 0-0: Ball
1-0: Foul Ball, location: 2F
1-1: Ball
2-1: Ground out 6-3 (Groundball, 56D)
Batting: LHB Ernesto López 0-0: Ball
1-0: Swinging Strike
1-1: Foul Ball, location: 2F
1-2: Ball
2-2: Fly out, F8 (Flyball, 78S)
Top of the 5th over - 0 run(s), 0 hit(s), 0 error(s), 0 left on base; Mile High 1 - Albuquerque 0
BOTTOM OF THE 5TH
Albuquerque Isotopes batting - Pitching for Mile High Broncos : RHP Pedro Mendoza
Batting: LHB Fernando Ortíz 0-0: Called Strike
0-1: Foul Ball, location: 2F
0-2: Ball
1-2: Ground out 4-3 (Groundball, 4)
Batting: LHB A.J. Major 0-0: Ball
1-0: Fly out, F2 (Popup, 15)
Batting: RHB Arturo García 0-0: Called Strike
0-1: Ball
1-1: Swinging Strike
1-2: Foul Ball, location: 2F
1-2: Foul Ball, location: 2F
1-2: SINGLE (Groundball, 6D)
Batting: RHB Dave Mullen 0-0: Ball
1-0: Ball
2-0: Ball
3-0: Base on Balls
Arturo García to second
Batting: LHB Bernardo Montés 0-0: Foul Ball, location: 2F
0-1: Ball
1-1: Foul Ball, location: 2F
1-2: SINGLE (Flyball, 89S)
Arturo García to third
Dave Mullen to second
Throwing error, E9
Arturo García scores
Dave Mullen to third
Bernardo Montés to second
Pitching: LHP Robin Wilder
Batting: LHB Mark Vestal 0-0: Ball
1-0: Ball
2-0: Fly out, F7 (Flyball, 78S)
Bottom of the 5th over - 1 run(s), 2 hit(s), 1 error(s), 2 left on base; Mile High 1 - Albuquerque 1
TOP OF THE 6TH
Mile High Broncos batting - Pitching for Albuquerque Isotopes : RHP Jesús Silva
Pitching: RHP Kenny Skinner
Batting: SHB Tom Stevens 0-0: Ground out U3 (Groundball, 34)
Batting: LHB Mark Everett 0-0: Swinging Strike
0-1: SINGLE (Line Drive, 7S)
Batting: RHB António Martínez 0-0: Called Strike
0-1: Swinging Strike
0-2: Strikes out looking
Batting: RHB David Moran 0-0: Ball
Mark Everett steals 2nd base
1-0: Ball
2-0: Called Strike
2-1: DOUBLE (Line Drive, 9LS)
Mark Everett scores
Batting: RHB Rodney González 0-0: Called Strike
0-1: Ball
1-1: Ball
2-1: Called Strike
2-2: Strikes out looking
Top of the 6th over - 1 run(s), 2 hit(s), 0 error(s), 1 left on base; Mile High 2 - Albuquerque 1
BOTTOM OF THE 6TH
Albuquerque Isotopes batting - Pitching for Mile High Broncos : LHP Robin Wilder
Batting: LHB António De Los Ángeles 0-0: Fly out, F4 (Line Drive, 4)
Batting: RHB Alfonso Huertas 0-0: Ball
1-0: Ball
2-0: Foul Ball, location: 2F
2-1: Ball
3-1: Fly out, F9 (Line Drive, 9)
Batting: RHB Juan Alberto 0-0: Reached on error, E5 (Groundball, 5)
Batting: LHB Fernando Ortíz 0-0: Fly out, F8 (Flyball, 8LS)
Bottom of the 6th over - 0 run(s), 0 hit(s), 1 error(s), 1 left on base; Mile High 2 - Albuquerque 1
TOP OF THE 7TH
Mile High Broncos batting - Pitching for Albuquerque Isotopes : RHP Kenny Skinner
Batting: RHB Richard Bankhead 0-0: Ball
1-0: Called Strike
1-1: Called Strike
1-2: SINGLE (Groundball, 6MD)
Batting: LHB Don Hull
Pinch Hitting: LHB Tony Báez 0-0: Ball
1-0: Sac Bunt - play at first, batter OUT! 3-4
Richard Bankhead to second
Batting: RHB Evan Robinson 0-0: Foul Ball, location: 2F
0-1: Swinging Strike
0-2: Ball
1-2: Fly out, F6 (Popup, 6MS)
Batting: LHB Ernesto López 0-0: Ball
1-0: Called Strike
1-1: Ground out U3 (Groundball, 34)
Top of the 7th over - 0 run(s), 1 hit(s), 0 error(s), 1 left on base; Mile High 2 - Albuquerque 1
BOTTOM OF THE 7TH
Albuquerque Isotopes batting - Pitching for Mile High Broncos : LHP Robin Wilder
Now in RF: Tony Báez
Batting: LHB A.J. Major 0-0: Swinging Strike
0-1: Ball
1-1: Foul Ball, location: 2F
1-2: Foul Ball, location: 2F
1-2: Foul Ball, location: 2F
1-2: SINGLE (Line Drive, 8RS)
Batting: RHB Arturo García 0-0: Bunted foul
0-1: Ball
1-1: Ball
2-1: Ball
3-1: Bunted foul
3-2: Fielders Choice at 2nd, 6-4 (Groundball, 6)
Pinch Hitting: RHB Alden Isenhood 0-0: DOUBLE (Line Drive, 78M)
Arturo García to third
Runner from 3rd tries for Home, SAFE, throw made home
Batting: LHB Bernardo Montés 0-0: Intentional Walk
Batting: LHB Mark Vestal 0-0: Called Strike
0-1: Ball
1-1: Called Strike
1-2: Foul Ball, location: 2F
1-2: Foul Ball, location: 2F
1-2: Foul Ball, location: 2F
1-2: Strikes out swinging
Batting: LHB António De Los Ángeles 0-0: Ball
1-0: Fly out, F6 (Line Drive, 6)
Bottom of the 7th over - 1 run(s), 2 hit(s), 0 error(s), 2 left on base; Mile High 2 - Albuquerque 2
TOP OF THE 8TH
Mile High Broncos batting - Pitching for Albuquerque Isotopes : RHP Kenny Skinner
Now at SS: Gonzalo Gil
Batting: SHB Tom Stevens 0-0: Ball
1-0: Ball
2-0: Ball
3-0: Called Strike
3-1: DOUBLE (Line Drive, 7D)
Batting: LHB Mark Everett 0-0: Intentional Walk
Pitching: RHP Juan Marín
Batting: RHB António Martínez 0-0: Fly out, F8 (Flyball, 89D)
Runner from 2nd tags up, SAFE at 3rd, no throw
Batting: RHB David Moran 0-0: Ball
1-0: Called Strike
1-1: Fly out, F5 (Popup, 56S)
Batting: RHB Rodney González 0-0: Ball
1-0: SINGLE (Line Drive, 89M)
Tom Stevens scores
Mark Everett to second
Batting: RHB Richard Bankhead 0-0: Foul Ball, location: 2F
0-1: Foul Ball, location: 2F
0-2: Foul Ball, location: 2F
0-2: Ball
1-2: Ball
2-2: Ball
3-2: Base on Balls
Mark Everett to third
Rodney González to second
Batting: LHB Tony Báez 0-0: Ball
1-0: Swinging Strike
1-1: Foul Ball, location: 2F
1-2: Ball
2-2: Foul Ball, location: 2F
2-2: Foul Ball, location: 2F
2-2: Ball
3-2: Strikes out swinging
Top of the 8th over - 1 run(s), 2 hit(s), 0 error(s), 3 left on base; Mile High 3 - Albuquerque 2
BOTTOM OF THE 8TH
Albuquerque Isotopes batting - Pitching for Mile High Broncos : LHP Robin Wilder
Pitching: LHP Mark Stewart
Now at 3B: Paco Martínez
Batting: RHB Alfonso Huertas 0-0: Ball
1-0: Foul Ball, location: 2F
1-1: Ball
2-1: Foul Ball, location: 2F
2-2: Ball
3-2: Foul Ball, location: 2F
3-2: SINGLE (Line Drive, 6MD)
Pitching: RHP David Bailey
Batting: RHB Juan Alberto 0-0: Sac Bunt - play at first, batter OUT! 1-4
Alfonso Huertas to second
Pitching: RHP Hokusai Nakashima
Pinch Hitting: LHB Bob Smith 0-0: Called Strike
0-1: Ball
1-1: Ball
2-1: Swinging Strike
2-2: SINGLE (Line Drive, 34D)
Alfonso Huertas to third
Runner from 3rd tries for Home, SAFE, no throw
Pinch Runner at 1st Lorenzo Ayala:
Pinch Hitting: LHB Juan Carlos Sánchez 0-0: Bunted foul
0-1: Sac Bunt - play at first, batter OUT! 1-4
Lorenzo Ayala to second
Batting: RHB Arturo García 0-0: Called Strike
0-1: Ball
1-1: Ball
2-1: DOUBLE (Groundball, 5L)
Lorenzo Ayala scores
Batting: RHB Gonzalo Gil 0-0: Ball
1-0: Swinging Strike
1-1: Ball
2-1: Called Strike
2-2: Strikes out swinging
Bottom of the 8th over - 2 run(s), 3 hit(s), 0 error(s), 1 left on base; Mile High 3 - Albuquerque 4
TOP OF THE 9TH
Mile High Broncos batting - Pitching for Albuquerque Isotopes : RHP Juan Marín
Pitching: RHP Manny Muńóz
Now at 1B: Juan Carlos Sánchez
Now in RF: Lorenzo Ayala
Pinch Hitting: SHB Pedro Martínez 0-0: Foul Ball, location: 2F
0-1: Ball
1-1: SINGLE (Flyball, 4MD)
Batting: LHB Ernesto López 0-0: Bunted foul
0-1: Sac Bunt - play at first, batter OUT! 5-4
Pedro Martínez to second
Batting: SHB Tom Stevens 0-0: Ball
1-0: Called Strike
1-1: Ground out 5-3 (Groundball, 56S)
Pedro Martínez to third
Batting: LHB Mark Everett 0-0: Fly out, F8 (Flyball, 78XD)
Top of the 9th over - 0 run(s), 1 hit(s), 0 error(s), 1 left on base; Mile High 3 - Albuquerque 4
Thursday, March 30th, 2017 - OOTP Baseball 17.12 Build 75